 Dungeon Crawl Stone Soup version 0.17-a0-1701-gf693a3f (webtiles) character file.

258 hexophile the Sneak (level 5, -2/29 HPs)
             Began as a Spriggan Monk on Aug 22, 2015.
             Slain by an orc
             ... wielding a +0 dagger
              (3 damage)
             ... on level 4 of the Dungeon.
             The game lasted 00:07:47 (5068 turns).

hexophile the Sneak (Spriggan Monk)                 Turns: 5068, Time: 00:07:48

Health: -2/29      AC:  1    Str:  7    XL:     5   Next: 94%
Magic:  6/6        EV: 20    Int: 12    God:
Gold:   136        SH:  0    Dex: 19    Spells: 0 memorised, 4 levels left

rFire  . . .     SeeInvis +       - Unarmed
rCold  . . .     Clarity  .     a - +0 robe
rNeg   . . .     SustAt   .     (shield restricted)
rPois  .         Gourm    .     (helmet restricted)
rElec  .         Spirit   .     (no cloak)
rCorr  .         Warding  .     (gloves unavailable)
rMut   .         Stasis   .     (boots unavailable)
MR     .....                    (no amulet)
Stlth  ++++......               (no ring)
                                (no ring)

@: lethally poisoned (-2 -> -8), very quick, not resistant to hostile
enchantments, stealthy
A: unfitting armour, see invisible, deformed body, herbivore 3, speed 3, robust
1, slow metabolism 2, no device heal 1
a: no special abilities


You were on level 4 of the Dungeon.
You were full.

You visited 1 branch of the dungeon, and saw 5 of its levels.

You collected 136 gold pieces.

Inventory:

Hand weapons
 i - a cursed -3 club
 l - a +0 club
 m - a +0 club
 p - a +0 club
 s - a +0 club
 u - a +0 club
 v - a +0 club
 w - a +0 spear
 y - a +0 club
 B - a cursed -1 dagger
 F - a +0 dagger
Missiles
 e - 51 stones (quivered)
 n - 20 bolts of flame
 o - 25 arrows
 A - 23 sling bullets
Armour
 a - a +0 robe (worn)
 f - a +0 chain mail
 g - a cursed +0 robe
 h - a +0 plate armour
 j - a +0 leather armour
 r - a +0 pair of gloves
 t - a +0 leather armour
 C - a cursed +0 cloak
Magical devices
 E - a wand of digging (10)
Scrolls
 c - 7 scrolls of identify
 d - 3 scrolls of remove curse
 x - a scroll of fog {unknown}
 z - a scroll of amnesia {unknown}
 G - a scroll of teleportation {unknown}
Potions
 k - a potion of magic
 q - 2 potions of haste {unknown}
 D - a potion of flight {unknown}
Comestibles
 b - 4 bread rations


   Skills:
 - Level 2.4 Fighting
 - Level 4.4 Dodging
 + Level 7.7 Stealth
 - Level 4.6 Unarmed Combat


You had 4 spell levels left.
You didn't know any spells.

Dungeon Overview and Level Annotations

Branches:
Dungeon (5/15)
 Temple: D:4-7

Altars:
Makhleb
Ru
Xom
Zin

Annotations:
D:2 1 exclusion
D:3 exclusion: downstairs
D:4 Edmund


Innate Abilities, Weirdness & Mutations

You are tiny and cannot use many weapons and most armour.
You have supernaturally acute eyesight.
You are a herbivore.
You cover ground extremely quickly.
You need consume almost no food.
Armour fits poorly on your strangely shaped body.
You are robust (+10% HP).
Potions and wands are less effective at restoring your health.


Message History

The orc priest is severely wounded.
The worker ant bites you.
You are poisoned.
The worker ant poisons you!
The orc priest hits you with a short sword.
You closely miss the orc priest.
The orc priest is severely wounded.
You feel sick. The worker ant barely misses you.
The orc priest mumbles some strange prayers to Beogh against you.
Pain shoots through your body!
Unknown command.
You barely miss the orc priest.
The orc priest is severely wounded.
The worker ant bites you.
The orc priest mumbles some strange prayers to Beogh against you.
Something smites you!
Ouch! That really hurt!
* * * LOW HITPOINT WARNING * * *
The orc hits you with a dagger.
You die...

## ########### ...
..........
...############......##.
...'...<......'......'..
...#.........##.@a...##
...#.........##.oo...#
...#.........##.oo...#
...#.........##......#
...##........##......#
....'........##......#
#####........#########
######+##### #.......#


You could see a worker ant, an orc priest and 3 orcs.

Vanquished Creatures
  A crimson imp (D:4)
  An orc wizard (D:2)
  Ijyb (D:3)
  Natasha (D:4)
  6 adders
  2 oozes
  A worm (D:4)
  3 giant geckos
  4 orcs
  7 ball pythons
  11 bats
  4 hobgoblins
  12 jackals
  2 quokkas
  3 giant cockroaches
  A giant newt (D:3)
  8 goblins
  A jackal skeleton (D:3)
  4 kobolds
  6 rats
79 creatures vanquished.

Notes
Turn   | Place    | Note
--------------------------------------------------------------
     0 | D:1      | hexophile the Spriggan Monk began the quest for the Orb.
     0 | D:1      | Reached XP level 1. HP: 11/11 MP: 2/2
   423 | D:1      | Reached XP level 2. HP: 11/16 MP: 3/3
  1223 | D:2      | Gained mutation: You are robust (+10% HP). [potion of mutation]
  1223 | D:2      | Gained mutation: Armour fits poorly on your strangely shaped body. [potion of mutation]
  1223 | D:2      | Gained mutation: Potions and wands are less effective at restoring your health. [potion of mutation]
  1225 | D:2      | Reached XP level 3. HP: 3/20 MP: 4/4
  1227 | D:2      | HP: 2/20 [poisoned by an adder]
  1440 | D:2      | Found a shimmering altar of Xom.
  1666 | D:2      | HP: 1/20 [giant gecko (3)]
  2088 | D:2      | Found a sacrificial altar of Ru.
  2107 | D:2      | Reached skill level 5 in Stealth
  2107 | D:2      | Reached XP level 4. HP: 17/25 MP: 5/5
  2222 | D:2      | Found a burning altar of Makhleb.
  2321 | D:2      | Found a glowing silver altar of Zin.
  2386 | D:2      | HP: 2/25 [poisoned by an adder]
  2392 | D:2      | HP: 1/25 [poisoned by an adder]
  2399 | D:2      | HP: 1/25 [poisoned by an adder]
  2849 | D:3      | Noticed Ijyb
  2893 | D:3      | Killed Ijyb
  2893 | D:3      | Reached skill level 6 in Stealth
  3240 | D:3      | Reached XP level 5. HP: 29/29 MP: 6/6
  4364 | D:4      | Noticed Natasha
  4380 | D:4      | Killed Natasha
  4486 | D:4      | Noticed Edmund
  4546 | D:4      | Reached skill level 7 in Stealth
  4616 | D:5      | Entered Level 5 of the Dungeon
  5068 | D:4      | HP: 1/29 [orc priest/divine providence (17)]
  5068 | D:4      | Slain by an orc

Vault maps used:
D:1:      mrwooster_arrival_statue, serial_bayou_crossing
D:2:      grunt_temple_overflow_open, lemuel_crystal_altar,
          nicolae_ru_great_annihilating_truth, minmay_shallow_snake_nest,
          uniq_crazy_yiuf_cottage
D:3:      minmay_distorted, uniq_iyjb
D:4:      nemelex_xobeh_ov_fountains_minmay, uniq_blork_the_orc, uniq_natasha,
          uniq_edmund
D:5:      first_bread, nicolae_elemental_shop

Action                   |  1- 3 |  4- 6 || total
-------------------------+-------+-------++-------
Melee: Unarmed           |   123 |   257 ||   380
  Use: Potion            |     2 |     1 ||     3
       Scroll            |       |     1 ||     1
 Stab: Sleeping          |    11 |     7 ||    18
       Distracted        |     1 |     2 ||     3
       Paralysed         |       |     1 ||     1
  Eat: Bread ration      |       |     1 ||     1
       Pizza             |       |     1 ||     1
